 Dungeon Crawl Stone Soup version 0.25.0-45-g978344163c (webtiles) character file.

Game seed: 4167474151655412255

37 Peloso the Shield-Bearer (level 3, -8/29 HPs)
             Began as a Vampire Fighter on July 11, 2020.
             Mangled by an ogre
             ... wielding a +0 giant club
              (21 damage)
             ... on level 2 of the Dungeon.
             The game lasted 00:01:59 (808 turns).

Peloso the Shield-Bearer (Vampire Fighter)           Turns: 808, Time: 00:02:00

Health: -8/29      AC:  9    Str: 16    XL:     3   Next: 21%
Magic:  3/3        EV:  4    Int: 10    God:
Gold:   46         SH:  9    Dex: 13    Spells: 2/2 levels left

rFire    . . .     SeeInvis +   a - +0 long sword
rCold    . . .     Gourm    .   c - +0 kite shield
rNeg     . . .     Faith    .   f - +0 chain mail
rPois    .         Spirit   .   (no helmet)
rElec    .         Reflect  .   (no cloak)
rCorr    .         Harm     .   (no gloves)
MR       .....                  (no boots)
Stlth    ..........             (no amulet)
HPRegen  0.29/turn              (no ring)
MPRegen  0.08/turn              (no ring)

@: mighty, regenerating quickly
A: no food, fangs 3, see invisible, unbreathing
a: Exsanguinate


You were on level 2 of the Dungeon.
You were alive.

You visited 1 branch of the dungeon, and saw 2 of its levels.

You collected 46 gold pieces.

Inventory:

Hand Weapons
 a - a +0 long sword (weapon)
 g - a +2 spear of venom
Armour
 b - a +0 scale mail
 c - a +0 kite shield (worn)
 f - a +0 chain mail (worn)
Scrolls
 e - a scroll of identify {unknown}
 i - a scroll of magic mapping {unknown}
Potions
 h - a potion of brilliance {unknown}


   Skills:
 + Level 3.0 Fighting
 + Level 2.1 Long Blades
 + Level 2.9 Armour
 + Level 3.1 Shields


You had 2 spell levels left.
You didn't know any spells.
Your spell library was empty.

Dungeon Overview and Level Annotations

Branches:
Dungeon (2/15)

Altars:
Uskayaw


Innate Abilities, Weirdness & Mutations

You do not eat.
Your natural rate of healing is unusually fast.
You have razor-sharp teeth.
You have supernaturally acute eyesight. (SInv)
You can survive without breathing.


Message History

You block the rat's attack.
You hit the rat. Your bite misses the rat.
The rat is heavily wounded.
The rat bites you but does no damage.
You closely miss the rat. You bite the rat.
You kill the rat!
Found a stone staircase leading up.
You now have 46 gold pieces (gained 10).
An ogre comes into view. It is wielding a +0 giant club.
The ogre shouts!
An ogre is nearby!
Okay, then.
You aren't carrying any items that you can evoke.
You feel very mighty all of a sudden. The ogre hits you with a +0 giant club!
Ouch! That really hurt!
Your chain mail prevents you from hitting the ogre.
The ogre hits you with a +0 giant club!!
Ouch! That really hurt!
You die...

##.. #... ..... #....
..<... #.... .....
#....##### ...# #
#........# ...#.#
#...O...# ######.....
#....@..###......##+##
#................#....
........................
########................
#............#...
#............####
..............# ##
........###........
.....#### #........


You could see an ogre.

Vanquished Creatures
  2 adders (D:2)
  A leopard gecko (D:2)
  2 giant cockroaches (D:2)
  3 goblins
  2 jackals (D:2)
  A quokka (D:2)
  A ball python (D:2)
  A frilled lizard (D:1)
  2 kobolds
  2 rats
17 creatures vanquished.

Notes
Turn   | Place    | Note
-------+----------+-------------------------------------------
     0 | D:1      | Peloso the Vampire Fighter began the quest for the Orb.
     0 | D:1      | Reached XP level 1. HP: 17/17 MP: 1/1
   242 | D:1      | You fall into a shaft and drop 1 floor!
   278 | D:2      | Reached XP level 2. HP: 23/23 MP: 2/2
   413 | D:2      | Found a hide-covered altar of Uskayaw.
   436 | D:2      | Reached XP level 3. HP: 10/28 MP: 3/3
   802 | D:2      | Noticed an ogre
   808 | D:2      | Mangled by an ogre

Illustrated notes

Levels and vault maps discovered:
D:1:      psy_arrival_radial02, layout_basic, minmay_pentomino_q2
D:2:      layout_basic, overflow_temple_1_default, minmay_between

Skill      XL: |  1  2  3 |
---------------+----------+-----
Shields        | 3 |  3.1
Fighting       | 3 |  3.0
Long Blades    | |  2.1
Armour         | |  2.9

Action                   || total
-------------------------++-------
Melee: Long sword        ||    64
       Bite              ||     7
  Use: Potion            ||     1
Armor: Chain mail        ||    48
       Scale mail        ||     2
Dodge: Dodged            ||    11
Block: Kite shield       ||    45
       Rpst.: Long sword ||     6
